 Dungeon Crawl Stone Soup version 0.30-a0-1093-gcfb1e0cf12 (console) character file.

Game seed: 102655527937571199

788 Banquo the Chopper (level 8, -3/58 HPs)
             Began as a Djinni Fighter on Apr 17, 2023.
             Slain by an orc warrior
             ... wielding a +0 dire flail
              (8 damage)
             ... on level 6 of the Dungeon.
             The game lasted 00:13:55 (4768 turns).

Banquo the Chopper (Djinni Fighter)                 Turns: 4768, Time: 00:13:56

Health: -3/58      AC:  8    Str: 15    XL:     8   Next: 12%
Gold:   301        EV:  9    Int:  8    God:
                   SH:  5    Dex: 13

rFire   + + +      SeeInvis .    a - +0 war axe
rCold   x . .      Faith    .    c - +1 buckler
rNeg    + . .      Spirit   .    d - +0 scale mail
rPois   ∞          Reflect  .    (no helmet)
rElec   .          Rampage  .    (no cloak)
rCorr   .                        g - +0 pair of gloves of Hopscotch {rF+ Regen+ Int-4}
Will    .....                    (boots unavailable) Stlth
                                 f - amulet of the acrobat
HPRegen 1.09/turn                n - ring of positive energy
MPRegen 0.00/turn                (no ring)

@: flying
A: sickness immunity, fire resistance 2, cold vulnerability 1, float, innate
caster, HP casting, extra vitality 1
a: no special abilities


You were on level 6 of the Dungeon.
You visited 1 branch of the dungeon, and saw 6 of its levels.

You collected 301 gold pieces.

Inventory:

Hand Weapons
 a - a +0 war axe (weapon)
Missiles
 p - 13 poisoned darts (quivered)
 y - 2 boomerangs
Armour
 c - a +1 buckler (worn)
 d - a +0 scale mail (worn)
 g - the +0 pair of gloves of Hopscotch (worn) {rF+ Regen+ Int-4}
   (You acquired it on level 5 of the Dungeon)

   Int:       It affects your intelligence (-4).
   rF:        It protects you from fire.
   Regen:     It increases your rate of health regeneration.
 x - a +0 leather armour
Magical Staves
 q - a staff of fire
Jewellery
 f - an amulet of the acrobat (around neck)
 i - a ring of protection from fire
 n - a ring of positive energy (left hand)
Wands
 w - a wand of charming (5)
Scrolls
 j - a scroll of teleportation
 m - a scroll of magic mapping
 r - a scroll of identify
Potions
 b - 4 potions of might
 e - a potion of ambrosia
 h - a potion of brilliance
 k - 3 potions of curing
 l - a potion of attraction
 o - a potion of haste
 t - 3 potions of flight
 z - a potion of cancellation


   Skills:
 * Level 4.4 Fighting
 * Level 6.2 Axes
 + Level 3.4 Armour
 + Level 0.6 Dodging
 + Level 3.1 Shields
 * Level 1.0 Spellcasting


You knew the following spells:

 Your Spells              Type           Power      Damage    Failure   Level
a - Freeze                Ice            8%         1d3       77%         1
b - Call Imp              Summ           4%         N/A       88%         2
c - Teleport Other        Tloc           2%         N/A       98%         3
Your spell library was empty.

Dungeon Overview and Level Annotations

Branches:
Dungeon (6/15)
 Temple: D:4-7

Altars:
Nemelex Xobeh
Qazlal
Xom

Shops:
D:4 *


Innate Abilities, Weirdness & Mutations

You are immune to sickness and miasma.
You are immune to poison.
Your flesh is very heat resistant. (rF++)
You are vulnerable to cold. (rC-)
You float through the air rather than walking.
You learn spells naturally, not from books.
Your magical power is your life essence.
You have superior vitality. (+4 MHP)


Message History

The orc warrior barely misses you.
You hit the orc warrior.
The orc warrior is lightly wounded.
The orc warrior hits you with a +0 dire flail.
You closely miss the orc warrior.
The orc warrior is lightly wounded.
The orc warrior barely misses you.
You hit the orc warrior but do no damage.
The orc warrior is lightly wounded.
You hear the slow hiss of a very distant avalanche of sand.
The orc warrior hits you with a +0 dire flail!
You hit the orc warrior but do no damage.
The orc warrior is lightly wounded.
The orc warrior hits you with a +0 dire flail.
The orc wizard gestures wildly while chanting.
The orc wizard flickers and vanishes!
Deactivating autopickup; reactivate with Ctrl-A.
The orc warrior hits you with a +0 dire flail!
You hit the orc warrior.
The orc warrior is lightly wounded.
The orc warrior hits you with a +0 dire flail!
You barely miss the orc warrior.
The orc warrior is lightly wounded.
The orc warrior hits you with a +0 dire flail.
You hit the orc warrior.
The orc warrior is moderately wounded.
The orc warrior hits you with a +0 dire flail!
* * * LOW HITPOINT WARNING * * *
You hit the orc warrior.
The orc warrior is heavily wounded.
The orc warrior hits you with a +0 dire flail!
* * * LOW HITPOINT WARNING * * *
The orc warrior closely misses you.
Unknown command.
It was a potion of curing.
You feel better.
The orc warrior hits you with a +0 dire flail!
* * * LOW HITPOINT WARNING * * *
The orc warrior attacks as you move away!
The orc warrior hits you with a +0 dire flail!
You die...

#. .# #.....#
###...### ..#.#
#.....# #....## .#..
#.....# #.##.# ...#
#.....# #.##.# #..#
######.#######.##.#
#..# ##......#
##...##.# #..#
##..###### #..####.#
...#
#......######.## ...
#..###......oo{o@..#
..#
##..........########
#..........#
............#
##.#.##........
#.#.#########..
#.#.# . ..#.# .####


You could see an orc warrior and 2 orcs.

Vanquished Creatures
  A water moccasin (D:4)
  2 ogres
  2 scorpions (D:4)
  An orc priest (D:4)
  3 hounds
  A sleepcap (D:3)
  An orc wizard (D:4)
  3 gnolls
  10 adders
  2 dart slugs
  9 orcs
  5 bats
  10 endoplasms
  A giant cockroach (D:2)
  5 goblins
  13 hobgoblins
  6 kobolds
  3 quokkas
  5 ball pythons
  13 frilled lizards
  5 rats
101 creatures vanquished.

Vanquished Creatures (others)
  8 plants (D:3)
8 creatures vanquished.

Grand Total: 109 creatures vanquished

Notes
Turn   | Place    | Note
-------+----------+-------------------------------------------
     0 | D:1      | Banquo the Djinni Fighter began the quest for the Orb.
     0 | D:1      | Reached XP level 1. HP: 20/20 MP: 0/0
   128 | D:1      | Reached XP level 2. HP: 25/25 MP: 0/0
   174 | D:1      | Reached skill level 2 in Axes
   857 | D:2      | Reached XP level 3. HP: 28/30 MP: 0/0
   857 | D:2      | Learned a level 1 spell: Freeze
  1072 | D:2      | Reached XP level 4. HP: 35/35 MP: 0/0
  1122 | D:2      | Reached skill level 3 in Axes
  1572 | D:2      | Reached XP level 5. HP: 35/40 MP: 0/0
  1572 | D:2      | Learned a level 2 spell: Call Imp
  2220 | D:3      | Reached skill level 4 in Axes
  2556 | D:3      | Found a stormy altar of Qazlal.
  2622 | D:4      | Found Lapp's General Store.
  2703 | D:4      | Noticed an ogre
  2712 | D:4      | Killed an ogre
  2713 | D:4      | Reached XP level 6. HP: 6/47 MP: 0/0
  2976 | D:4      | Reached skill level 5 in Axes
  3066 | D:4      | Reached XP level 7. HP: 26/52 MP: 0/0
  3066 | D:4      | Learned a level 3 spell: Teleport Other
  3438 | D:5      | Entered Level 5 of the Dungeon
  3489 | D:5      | Identified a scroll of acquirement
  3489 | D:5      | Acquired the +0 pair of gloves of Hopscotch {rF+ Regen+
                  | Int-4}
  4133 | D:5      | Found a shimmering altar of Xom.
  4138 | D:5      | Noticed a water moccasin
  4169 | D:4      | Killed a water moccasin
  4278 | D:5      | Reached skill level 6 in Axes
  4332 | D:5      | Found a sparkling altar of Nemelex Xobeh.
  4420 | D:5      | Reached skill level 1 in Spellcasting
  4420 | D:5      | Reached XP level 8. HP: 33/58 MP: 0/0
  4768 | D:6      | Slain by an orc warrior

Illustrated notes

Levels and vault maps discovered:
D:1:      dpeg_arrival_chambers_temple_mockup, layout_loops_cross, minmay_vboxes
D:2:      layout_loops_cross, minmay_indecisive_spiral
D:3:      layout_basic, mainiacjoe_overflow_alcove_4, minmay_lizard_king
D:4:      layout_basic, serial_shops, shop
D:5:      layout_cave_pools, kennysheep_mini, nemelex_diamond_rough_becter
D:6:      layout_rooms, nicolae_ossuary_entry_ruins,
          ebering_ghost_reflecting_pool, hex_intersection

Skill      XL: |  1  2  3  4  5  6  7 |
---------------+----------------------+-----
Axes           | 2 3 4 5 6 |  6.2
Fighting       | 4 |  4.4
Spellcasting   | 1 |  1.0
Armour         | |  3.4
Dodging        | |  0.6
Shields        | |  3.1

Action                     |  1- 3 |  4- 6 |  7- 9 || total
---------------------------+-------+-------+-------++-------
  Melee: War axe           |    91 |   152 |   108 ||   351
  Throw: Dart              |       |       |     5 ||     5
    Use: Scroll            |     1 |     4 |    12 ||    17
         Potion            |       |       |     1 ||     1
 Armour: Scale mail        |    51 |    60 |    42 ||   153
  Dodge: Dodged            |    58 |    65 |    64 ||   187
  Block: Buckler           |    25 |    30 |    37 ||    92

Table legend: (Time is in decaauts)
 A = Elapsed time spent in this place.
 B = Non-inter-level travel time spent in this place.
 C = Inter-level travel time spent in this place.
 D = Time resting spent in this place.
 E = Time spent auto-exploring this place.
 F = Levels seen in this place.
 G = Mean time per level.
                   A        B        C        D        E       F      G
               +--------+--------+--------+--------+--------+-----+--------+
         Total |   4892 |   4422 |    470 |    344 |   2870 |   6 |  815.3 |
       Dungeon |   4892 |   4422 |    470 |    344 |   2870 |   6 |  815.3 |
               +--------+--------+--------+--------+--------+-----+--------+

Top non-repeatable levels by time:
     D:3: 1198 daAuts
     D:4: 1080 daAuts
     D:1: 904 daAuts
     D:2: 896 daAuts
     D:5: 703 daAuts
     D:6: 108 daAuts
